Map: Frostline LE

Players

LittleLion

  • Race: Protoss Protoss
  • League: Master
  • Spawn Location: 7:00

&lt;Oath&gt;<sp/>Neku - Winner!

  • Race: Protoss Protoss
  • Spawn Location: 1:00

Neku

  • Race: Zerg Zerg
  • League: Diamond

VOD

Have the link to the VOD?

Description

Time

  • Played on: April 12, 2025, 5:01 p.m.
  • Length: 12:09
Show
View Real Time Build Order
Export as new Build Order

LittleLion Protoss 

Build Orders: 1 Gate Expand, Blink Stalkers 

Get SALT Encoding   

  12  0:00  Probe  
  13  0:12  Probe  
  14  0:18  Pylon  
  14  0:24  Probe  
  15  0:32  Probe  
  15  0:37  Gateway  
  15  0:40  Probe  
  16  0:46  Assimilator  
  17  0:51  Probe  
  18  0:59  Probe  
  19  1:07  Probe  
  19  1:17  Probe  
  20  1:24  Cybernetics Core  
  21  1:34  Nexus  
  21  1:42  Pylon  
  21  1:46  Assimilator  
  21  1:48  Probe  
  21  1:51  Stalker  
  22  2:00  Probe  
  25  2:03  Warp Gate  
  25  2:13  Probe  
  25  2:15  Stalker  
  28  2:25  Probe  
  29  2:30  Twilight Council  
  30  2:37  Probe  
  30  2:43  Stalker, Probe  
  30  2:47  Blink  
  30  2:49  Probe  
  30  2:51  Probe  
  35  3:01  Probe x2  
  37  3:09  Pylon  
  37  3:13  Probe x2  
  39  3:20  Gateway  
  39  3:25  Probe x2  
  41  3:28  Robotics Facility  
  41  3:35  Gateway  
  41  3:38  Probe x2  
  43  3:44  Pylon  
  43  3:50  Probe x2  
  43  3:52  Stalker  
  47  4:02  Probe  
  48  4:04  Pylon  
  48  4:07  Warp Prism  
  48  4:14  Nexus  
  50  4:24  Assimilator x2  
  50  4:28  Probe  
  52  4:37  Stalker x3  
  57  4:42  Pylon  
  57  4:43  Observer  
  58  4:48  Charge  
  58  4:49  Forge  
  58  4:51  Probe x2  
  60  4:56  Observer  
  60  5:01  Pylon, Protoss Ground Weapons Level 1  
  60  5:03  Probe x2  
  63  5:09  Stalker x2, Zealot  
  69  5:17  Probe x2, Observer  
  72  5:24  Probe  
  73  5:29  Probe x2  
  73  5:32  Probe  
  73  5:34  Pylon  
  75  5:39  Observer  
  75  5:41  Probe x2  
  75  5:42  Probe  
  80  5:50  Pylon  
  80  5:53  Gateway, Robotics Bay  
  80  5:55  Gateway  
  80  6:01  Gateway  
  80  6:02  Gateway  
  80  6:04  Probe  
  80  6:05  Probe x2  
  80  6:07  Assimilator  
  80  6:08  Assimilator x2  
  83  6:11  Sentry  
  83  6:17  Probe x3  
  88  6:24  Robotics Facility  
  88  6:26  Pylon  
  88  6:32  Protoss Ground Weapons Level 2  
  88  6:34  Colossus, Probe  
  88  6:35  Probe x2  
  97  6:49  Zealot x4  
  105  6:54  Nexus  
  105  6:55  Probe x3  
  105  6:56  Pylon  
  105  6:59  Extended Thermal Lance  
  108  7:07  Probe x3  
  111  7:17  Pylon, Forge  
  111  7:19  Colossus, Pylon  
  111  7:20  Probe  
  111  7:21  Gateway  
  111  7:22  Gateway  
  113  7:23  Colossus  
  113  7:29  Protoss Ground Armor Level 1  
  124  7:37  Pylon  
  124  7:39  Probe x2  
  124  7:40  Probe  
  127  7:45  Pylon  
  127  7:52  Dark Shrine  
  127  7:55  Probe x3  
  130  7:58  Assimilator  
  130  8:00  Assimilator  
  130  8:04  Stalker x2  
  134  8:06  Stalker  
  136  8:13  Probe x3  
  136  8:14  Probe  
  140  8:21  Gateway x2, Protoss Ground Weapons Level 3  
  140  8:22  Gateway  
  140  8:24  Pylon  
  140  8:35  Pylon  
  140  8:36  Pylon  
  140  8:43  Gateway  
  140  8:44  Gateway, Zealot x4  
  140  8:45  Shield Battery  
  148  8:49  Pylon  
  148  8:51  Shadow Stride  
  148  8:53  Zealot x4  
  156  8:57  Zealot  
  158  9:15  Dark Templar x6  
  170  9:17  Protoss Ground Armor Level 2  
  170  9:20  Dark Templar x3  
  176  9:25  Dark Templar x2  
  176  9:28  Dark Templar  
  182  9:39  Zealot x2  
  186  9:47  Zealot x6  
  186  9:52  Sentry  
  200  10:14  Nexus  
  200  10:16  Pylon  
  200  10:18  Pylon  
  200  10:21  Assimilator  
  200  10:22  Assimilator  
  200  10:40  Robotics Facility  
  200  10:44  Stargate x2  
  200  10:45  Stargate  
  200  11:41  Fleet Beacon  
  200  11:47  Shield Battery  
  200  11:48  Photon Cannon x2  
  200  11:49  Photon Cannon  
  200  11:50  Photon Cannon  
  200  11:51  Shield Battery  
  200  11:52  Photon Cannon, Pylon  
  200  11:53  Photon Cannon  
  200  11:54  Photon Cannon x4  
  200  11:55  Photon Cannon  
  200  11:57  Photon Cannon x2  
  200  11:58  Photon Cannon x2  
  200  12:00  Photon Cannon x2  
  200  12:01  Photon Cannon  
Show
View Real Time Build Order
Export as new Build Order

&lt;Oath&gt;<sp/>Neku Protoss - Winner!

Build Orders:  

Get SALT Encoding   

  12  0:01  Drone  
  13  0:13  Overlord  
  13  0:16  Drone  
  14  0:41  Hatchery  
  13  0:43  Drone  
  14  1:01  Spawning Pool  
  14  1:03  Drone  
  14  1:07  Extractor  
  14  1:11  Drone  
  14  1:18  Overlord  
  14  1:48  Zergling x2  
  14  1:50  Queen, Zergling x2  
  18  1:57  Roach Warren  
  17  2:02  Drone  
  17  2:06  Extractor  
  17  2:10  Drone  
  17  2:15  Zergling x2  
  19  2:20  Drone  
  20  2:28  Drone  
  21  2:35  Drone  
  22  2:42  Drone  
  23  2:49  Drone  
  24  2:56  Drone  
  25  3:03  Drone  
  25  3:04  Roach  
  28  3:10  Overlord  
  28  3:14  Drone  
  29  3:21  Drone  
  30  3:28  Drone  
  31  3:36  Drone  
  32  3:43  Drone  
  32  3:45  Overlord  
  33  3:50  Drone  
  33  3:52  Roach  
  33  3:53  Lair  
  36  3:57  Drone  
  37  4:05  Drone  
  38  4:12  Drone  
  39  4:19  Drone  
  40  4:26  Drone  
  40  4:27  Overlord  
  41  4:33  Drone  
  42  4:40  Drone  
  42  4:41  Roach  
  45  4:47  Drone  
  45  4:50  Overseer  
  46  4:53  Overseer  
  46  4:55  Drone  
  47  5:00  Extractor  
  47  5:02  Drone  
  46  5:08  Extractor  
  46  5:09  Drone  
  46  5:13  Queen  
  42  5:18  Drone  
  39  5:22  Overlord, Overseer  
  39  5:25  Drone  
  40  5:30  Roach  
  40  5:32  Drone  
  43  5:39  Drone  
  46  6:18  Roach  
  46  6:59  Overlord, Overseer  
  46  7:07  Zergling x2  
  47  7:56  Roach  
  49  8:44  Roach  
  51  10:12  Pneumatized Carapace  
  51  10:13  Overlord, Overseer  
  51  10:14  Hydralisk Den  
  51  10:15  Drone  
  51  10:16  Infestation Pit  
  50  10:22  Drone  
  50  10:28  Zergling x2  
  43  10:45  Drone  
  21  10:52  Drone  
  24  11:00  Drone  
  23  11:08  Drone  
  23  11:18  Drone  
  22  11:19  Hatchery  
  3  11:28  Drone  
Show
View Real Time Build Order
Export as new Build Order

Neku Zerg 

Build Orders:  

Get SALT Encoding   

Tags
 
Add a new tag
Caveats
  • Supply blocks, unpowered buildings, or Contaminate may cause inaccurate times.
  • Supply counts are checked every 10 seconds.